 Dungeon Crawl Stone Soup version 0.21.1-1-g345015fe64 (webtiles) character file.

2998 Gargoyl the Chopper (level 9, -5/75 HPs)
             Began as a Centaur Abyssal Knight on Apr 1, 2018.
             Was an Elder of Lugonu.
             Slain by an orc warrior
             ... wielding a +0 scimitar
              (7 damage)
             ... on level 7 of the Dungeon.
             The game lasted 00:12:40 (6094 turns).

Gargoyl the Chopper (Centaur Abyssal Knight)        Turns: 6094, Time: 00:12:40

Health: -5/75      AC: 16    Str: 20    XL:     9   Next: 54%
Magic:  13/13      EV:  4    Int: 11    God:    Lugonu [****..]
Gold:   538        SH:  0    Dex: 14    Spells: 8/8 levels left

rFire    . . .     SeeInvis .   a - +1 hand axe
rCold    . . .     Gourm    .   (no shield)
rNeg     . . .     Faith    .   d - +4 plate armour "Joizom" {Regen+ Str+3 Dex+4}
rPois    .         Spirit   .   (no helmet)
rElec    .         Reflect  .   (no cloak)
rCorr    .         Harm     .   r - +1 pair of gloves
MR       .....                  (no barding)
Stlth    ..........             (no amulet)
HPRegen  0.62/turn              l - ring of loudness
MPRegen  0.13/turn              (no ring)

@: very quick
A: large, hooves 3, deformed body, speed 2, tough skin 3
a: Depart the Abyss, Bend Space, Banish, Corrupt, Renounce Religion


You were on level 7 of the Dungeon.
You worshipped Lugonu.
Lugonu was greatly pleased with you.
You were not hungry.

You visited 1 branch of the dungeon, and saw 7 of its levels.
You visited the Abyss 1 time.
You also visited: Sewer.

You collected 538 gold pieces.

Inventory:

Hand Weapons
 a - a +1 hand axe (weapon)
Missiles
 m - 6 javelins (quivered)
Armour
 d - the +4 plate armour "Joizom" (worn) {Regen+ Str+3 Dex+4}
   (You found it on level 2 of the Abyss)

   It affects your strength (+3).
   It affects your dexterity (+4).
   It increases your rate of regeneration.
 r - a +1 pair of gloves (worn)
Jewellery
 l - a ring of loudness (left hand)
 w - the amulet "Bischefuh" {RegenMP rC++ Str-5 Dex+4 Slay+2, unknown}
   (You found it on level 6 of the Dungeon)

   [amulet of magic regeneration]

   It increases your magic regeneration.
   It affects your strength (-5).
   It affects your dexterity (+4).
   It affects your accuracy and damage with ranged weapons and melee attacks
   (+2).
   It greatly protects you from cold.
Wands
 f - a wand of acid (6)
 j - a wand of flame (10)
 n - a wand of iceblast (12)
 t - a wand of disintegration (23)
Scrolls
 b - 2 scrolls of identify
 e - 2 scrolls of teleportation
 s - a scroll of fog
 u - 3 scrolls of magic mapping
 x - a scroll of amnesia
Potions
 g - 8 potions of curing
 h - 8 potions of flight
 i - a potion of might
 k - 2 potions of heal wounds
 o - a potion of agility {unknown}
 p - 2 potions of haste
 q - a potion of ambrosia {unknown}
Comestibles
 c - 11 rations


   Skills:
 + Level 5.8 Fighting
 + Level 7.5 Axes
 + Level 1.2 Throwing
 * Level 5.6 Armour
 + Level 1.4 Dodging
 * Level 6.5 Invocations


You had 8 spell levels left.
You didn't know any spells.

Dungeon Overview and Level Annotations

Branches:
Dungeon (7/15)             Temple (0/1) D:4

Altars:
Cheibriados
Dithmenos
Elyvilon
Fedhas
Makhleb
Nemelex Xobeh
Qazlal
Sif Muna
Xom
Zin


Innate Abilities, Weirdness & Mutations

You have hooves in place of feet.
Armour fits poorly on your strangely shaped body.
You cover ground very quickly.
You have extremely tough skin. (AC +3)


Message History

You closely miss the orc warrior. You kick the orc warrior.
The orc warrior is almost dead.
The orc warrior hits you with a scimitar!
You barely miss the orc warrior.
You kick the orc warrior, but do no damage.
The orc warrior is almost dead.
You hit the orc warrior but do no damage.
You kick the orc warrior, but do no damage.
The orc warrior is almost dead.
The orc warrior hits you with a scimitar!
* * * LOW HITPOINT WARNING * * *
You hit the orc warrior but do no damage.
Your kick misses the orc warrior.
The orc warrior is almost dead.
The orc warrior hits you with a scimitar!
* * * LOW HITPOINT WARNING * * *
You hit the orc warrior.
The orc warrior is almost dead.
The orc warrior hits you with a scimitar!
You die...

# .# . ##.### . .. ..
#..... . #.####...
[...# #.#........ ....#
. #........) ####...#
###..... % ##.@o# .
...... #.#..†.# [.
...>########.#...(# ...
#.........##.....##....
#.........####.###..#
#.........# #.....#
#.........# #..####
#..###....# #.## #.†#
#....# #.#


You could see an orc warrior.

Vanquished Creatures
  The ghost of Lothor the Thaumaturge, a novice DEWz (D:5)
  The ghost of htuhola the Digger, an amateur BaEE of Lugonu (D:3)
  Sigmund (D:4)
  A water moccasin (D:5)
  An ice beast (D:7)
  3 sky beasts
  A phantom (D:5)
  A black bear (D:7)
  2 centaurs (D:5)
  2 ogres
  A wyvern skeleton (D:6)
  A scorpion (D:4)
  A howler monkey (D:7)
  A crimson imp (D:6)
  3 centaur skeletons
  3 orc priests
  3 hounds
  4 orc wizards
  Ijyb (D:2)
  4 worker ants
  Terence (D:3)
  A killer bee zombie (D:6)
  3 hound skeletons
  6 adders
  A shadow imp (D:6)
  5 oozes
  2 adder skeletons
  7 worms
  A dart slug (D:2)
  5 leopard geckos
  13 orcs
  12 bats
  13 giant cockroaches
  18 goblins
  4 hobgoblins (D:1)
  13 jackals
  6 quokkas
  2 ball pythons (Sewer)
  8 frilled lizards
  A jackal zombie (D:5)
  6 kobolds
  A quokka skeleton (D:4)
  3 rats
168 creatures vanquished.

Vanquished Creatures (others)
  The ghost of Peloso the Carver, a novice VSFi of Okawaru (D:7)
1 creature vanquished.

Grand Total: 169 creatures vanquished

Notes
Turn   | Place    | Note
-------+----------+-------------------------------------------
     0 | Abyss:1  | Gargoyl the Centaur Abyssal Knight began the quest for the Orb.
     0 | Abyss:1  | Reached XP level 1. HP: 19/19 MP: 2/2
    27 | Abyss:1  | Noticed a blink frog
    28 | Abyss:1  | Noticed a smoke demon
    38 | Abyss:1  | Noticed a small abomination
    40 | Abyss:1  | Noticed a large abomination
    86 | Abyss:2  | Noticed a small abomination
    96 | Abyss:2  | Noticed a hell hog
   109 | Abyss:2  | Noticed a large abomination
   113 | Abyss:2  | Noticed an orange demon
   116 | Abyss:2  | Noticed a smoke demon
   127 | Abyss:2  | Got a slimy plate armour
   128 | Abyss:2  | Noticed a blink frog
   128 | D:1      | Escaped the Abyss
   139 | D:1      | Identified the +4 plate armour "Joizom" {Regen+ Str+3 Dex+4} (You found it on level 2 of the Abyss)
   331 | D:1      | Reached XP level 2. HP: 26/26 MP: 3/3
   348 | D:1      | Reached * piety under Lugonu
   507 | D:1      | Found a snail-covered altar of Cheibriados.
   524 | D:1      | Reached skill level 2 in Axes
   714 | D:1      | Reached XP level 3. HP: 27/31 MP: 4/4
   887 | D:2      | Noticed Ijyb
   907 | D:2      | Killed Ijyb
   907 | D:2      | Reached XP level 4. HP: 32/39 MP: 5/5
   976 | D:2      | Reached ** piety under Lugonu
  1085 | D:2      | Found a deep blue altar of Sif Muna.
  1246 | D:2      | Found a shimmering altar of Xom.
  1248 | D:2      | Found a bloodstained altar of Trog.
  1248 | D:2      | Found a blossoming altar of Fedhas.
  1251 | D:2      | Found a bloodstained altar of Trog.
  1251 | D:2      | Found a burning altar of Makhleb.
  1251 | D:2      | Found a shimmering altar of Xom.
  1550 | D:3      | Noticed htuhola's ghost (amateur BaEE)
  1581 | D:3      | Killed htuhola's ghost
  1581 | D:3      | Reached skill level 3 in Axes
  1581 | D:3      | Reached skill level 1 in Dodging
  1581 | D:3      | Reached XP level 5. HP: 35/46 MP: 5/7
  1581 | D:3      | Reached XP level 6. HP: 39/52 MP: 5/8
  1664 | D:3      | Noticed Terence
  1678 | D:3      | Killed Terence
  2210 | D:4      | Reached skill level 4 in Axes
  2278 | D:4      | Reached XP level 7. HP: 20/59 MP: 9/9
  2342 | D:4      | Noticed Sigmund
  2376 | D:4      | Killed Sigmund
  2782 | D:4      | Found a staircase to the Ecumenical Temple.
  2913 | D:4      | Found a snail-covered altar of Cheibriados.
  2960 | D:4      | Reached *** piety under Lugonu
  3360 | D:4      | Reached skill level 5 in Axes
  3507 | D:5      | Entered Level 5 of the Dungeon
  3585 | D:5      | Reached XP level 8. HP: 51/67 MP: 11/11
  3622 | D:5      | Found a white marble altar of Elyvilon.
  3675 | D:5      | Found a shadowy altar of Dithmenos.
  3864 | D:5      | Found a stormy altar of Qazlal.
  3864 | D:5      | Found a sparkling altar of Nemelex Xobeh.
  4013 | D:5      | Reached skill level 5 in Invocations
  4049 | D:5      | Noticed Lothor's ghost (novice DEWz)
  4106 | D:5      | Killed Lothor's ghost
  4106 | D:5      | Reached skill level 5 in Fighting
  4106 | D:5      | Reached skill level 6 in Axes
  4160 | D:5      | Found a glowing drain.
  4164 | Sewer    | Entered a sewer
  4307 | Sewer    | Reached **** piety under Lugonu
  4827 | D:5      | Reached skill level 1 in Throwing
  4862 | D:5      | Found a glowing silver altar of Zin.
  5118 | D:6      | Reached XP level 9. HP: 59/74 MP: 13/13
  5173 | D:6      | Got a warped zirconium amulet
  5560 | D:6      | Found a deep blue altar of Sif Muna.
  5730 | D:6      | Reached skill level 5 in Armour
  5807 | D:7      | Reached skill level 7 in Axes
  5835 | D:7      | Noticed Peloso's ghost (novice VSFi)
  5868 | D:7      | Banished Peloso's ghost
  6093 | D:7      | HP: 1/75 [orc warrior/scimitar (9)]
  6094 | D:7      | Slain by an orc warrior

Skill      XL: |  1  2  3  4  5  6  7  8  9 |
---------------+----------------------------+-----
Axes           | 2 3 4 5 6 7 |  7.5
Armour         | 2 3 4 5 |  5.6
Dodging        | 1 |  1.4
Invocations    | 3 4 5 6 |  6.5
Fighting       | 4 5 |  5.8
Throwing       | 1 |  1.2

Action                   |  1- 3 |  4- 6 |  7- 9 || total
-------------------------+-------+-------+-------++-------
Melee: Hand axe          |    81 |   107 |   407 ||   595
       Kick              |    26 |    35 |   143 ||   204
Throw: Javelin           |       |       |     1 ||     1
Invok: Depart the Abyss  |     1 |       |       ||     1
       Bend Space        |       |       |     3 ||     3
       Banish            |       |       |     1 ||     1
  Use: Scroll            |       |     6 |    10 ||    16
       Potion            |       |     1 |       ||     1
  Eat: Chunk             |       |     3 |    10 ||    13
       Ration            |       |       |     1 ||     1
Armor: Plate armour      |   110 |   116 |   314 ||   540
       Leather armour    |     1 |       |       ||     1
Dodge: Dodged            |    31 |    28 |    82 ||   141
